 Dungeon Crawl Stone Soup version 0.30-a0-1103-g25895a7845 (webtiles) character file.

Game seed: 1124495597825101798

1493 demibob the Carver (level 8, -3/43 (52) HPs)
             Began as a Demonspawn Wanderer on Apr 19, 2023.
             Was an Initiate of Gozag.
             Slain by a wight
             ... wielding a +3 hand axe
              (8 damage)
             ... on level 6 of the Dungeon.
             The game lasted 00:10:21 (4728 turns).

demibob the Carver (Demonspawn Wanderer)            Turns: 4728, Time: 00:10:22

HP:   -3/43 (52)    AC: 11    Str: 12    XL:     8   Next: 51%
MP:   9/9           EV: 11    Int: 14    God:    Gozag
Gold: 357           SH:  5    Dex: 15    Spells: 8/9 levels left

rFire   . . .      SeeInvis .    a - +5 falchion
rCold   . . .      Faith    .    e - +0 buckler {AC+3}
rNeg    . . .      Spirit   .    d - +0 robe
rPois   .          Reflect  .    b - +1 helmet
rElec   .          Rampage  .    (no cloak)
rCorr   .                        (no gloves)
Will    .....                    (no boots)
Stlth   +                        f - amulet of the acrobat
HPRegen 0.27/turn                T - +4 ring of protection
MPRegen 0.11/turn                (no ring)

@: silenced, heavily drained
A: demonic guardian 1, demonic magic 1
a: Renounce Religion


You were on level 6 of the Dungeon.
You worshipped Gozag.
Gozag was aware of your devotion.
You visited 1 branch of the dungeon, and saw 6 of its levels.

You collected 433 gold pieces.
You paid 76 gold pieces to Gozag.


Innate Abilities, Weirdness & Mutations

A weak demonic guardian rushes to your aid.
Spells you cast may paralyse adjacent enemies.


   Skills:
 - Level 4.2(6.9) Short Blades
 * Level 8.5(9.0) Long Blades
 - Level 1.0 Armour
 - Level 1.7 Dodging
 - Level 1.0 Stealth
 - Level 3.8 Shields
 - Level 1.0 Spellcasting
 - Level 1.0 Poison Magic


You had 8 spell levels left.
You knew the following spells:

 Your Spells              Type           Power      Damage    Failure   Level
z - Sting                 Tmut/Pois      8%         1d3       26%         1

Your spell library contained the following spells:

 Spells                   Type           Power      Damage    Failure   Level
 Ignite Poison            Fire/Tmut/Pois 1%         N/A       65%         3
 Olgreb's Toxic Radiance  Pois           3%         N/A       91%         4
 Discord                  Hex            0%         N/A       100%        8
 Ignition                 Fire           0%         3d3       100%        8

Inventory:

Hand Weapons
 a - a +5 falchion (weapon)
 o - a +0 dagger
Armour
 b - a +1 helmet (worn)
 d - a +0 robe (worn)
 e - a +0 buckler of protection (worn)
 k - a +0 pair of gloves
Jewellery
 f - an amulet of the acrobat (around neck)
 F - a ring of fire
 T - a +4 ring of protection (left hand)
Wands
 h - a wand of flame (7)
Scrolls
 g - 3 scrolls of identify {@r1}
 j - 2 scrolls of fog
Potions
 c - a potion of attraction
 i - 2 potions of magic
 l - a potion of cancellation
 n - a potion of ambrosia
 p - a potion of flight

Dungeon Overview and Level Annotations

Branches:
Dungeon (6/15)
 Temple: D:4-7

Altars:
Gozag
Vehumet
Wu Jian

Annotations:
D:2 1 runed translucent door, Crazy Yiuf
D:4 1 runed translucent door, Jeffwins's ghost, novice HuWn

#.#######################
#..................#...
#..######...########.#.########
#..# #.....@zz...5z...$....$
#..######.#.###############$###
#.......#.#.# #.5.# #...#
#.#.#.# #.....# #...###.#.#.#
........ ###...##....#.#
#.#.....# .........#....#
........## ##.#.###...####
........# #.#.# ##.##


You could see 3 wights and a friendly quasit (summoned).


Message History

You see here 15 gold pieces.
Okay, then.
Okay, then.
The wight attacks as you move away! The wight misses you.
Your quasit bites the wight.
Your quasit claws the wight.
Your quasit claws the wight but does no damage.
Your quasit bites the wight but does no damage.
Your quasit claws the wight.
Your quasit claws the wight but does no damage.
Your quasit bites the wight.
Your quasit claws the wight but does no damage.
Your quasit barely misses the wight.
Your quasit bites the wight.
Your quasit claws the wight but does no damage.
Your quasit barely misses the wight.
Your quasit bites the wight but does no damage.
Your quasit closely misses the wight.
Your quasit claws the wight but does no damage.
The wight attacks as you move away! The wight closely misses you.
Your quasit bites the wight but does no damage.
Your quasit misses the wight.
Your quasit closely misses the wight.
The wight hits your quasit with a +0 falchion!
Your quasit bites the wight but does no damage.
Your quasit claws the wight but does no damage. x2
Okay, then.
As you read the scroll labelled APAACW DIHIPA, it crumbles to dust.
A profound silence engulfs you.
It was a scroll of silence.
The wight hits you with a +3 hand axe!
You die...
Your body crumbles into a pile of gold.

Skill      XL: |  1  2  3  4  5  6  7  8 |
---------------+-------------------------+-----
Short Blades   | 1 2 3 4 |  4.2
Long Blades    | 3 4 6 8 |  8.5
Armour         | |  1.0
Dodging        | |  1.7
Stealth        | |  1.0
Shields        | |  3.8
Spellcasting   | |  1.0
Poison Magic   | |  1.0

Action                     |  1- 3 |  4- 6 |  7- 9 || total
---------------------------+-------+-------+-------++-------
  Melee: Dagger            |   156 |    36 |       ||   192
         Falchion          |       |   111 |   104 ||   215
  Evoke: Wand              |       |    18 |    14 ||    32
    Use: Potion            |     4 |     5 |       ||     9
         Scroll            |     6 |     6 |     4 ||    16
   Stab: Sleeping          |     3 |       |     1 ||     4
         Distracted        |       |     1 |       ||     1
 Armour: Robe              |    37 |    29 |    28 ||    94
         Skin              |       |     6 |       ||     6
  Dodge: Dodged            |    65 |    91 |    44 ||   200
  Block: Buckler           |    14 |    25 |    13 ||    52

Levels and vault maps discovered:
D:1:      onia_arrival_pyramid, layout_loops_ring, serial_glass,
          glass_columns_a, glass_columns_a
D:2:      layout_basic, columned_hall_lemuel, minmay_misc_feat_iff,
          chequers_serial_rivers_marsh, minmay_goblin_kobold_house,
          uniq_sigmund, uniq_terence, uniq_crazy_yiuf_cottage, uniq_jessica
D:3:      layout_basic
D:4:      layout_cave_pools, minitemple, ebering_ghost_sewer_d
D:5:      layout_rooms, nicolae_overflow_hidden_temple, uniq_grinder
D:6:      layout_loops_ring, minmay_temple_entry_mist, portal_sewer_entry_f

Notes
Turn   | Place    | Note
-------+----------+-------------------------------------------
     0 | D:1      | demibob the Demonspawn Wanderer began the quest for the
                  | Orb.
     0 | D:1      | demibob set off with the following items: a +0 dagger, a +0
                  | helmet, a potion of haste {@q3}, a +0 robe, a +0 buckler of
                  | protection; and the following spell memorised: Sting; and
                  | the following spells available to memorise: Ignite Poison.
     0 | D:1      | Reached XP level 1. HP: 13/13 MP: 2/2
   248 | D:1      | You fall into a shaft and drop 1 floor!
   287 | D:2      | Noticed Terence
   362 | D:2      | Identified a potion of resistance
   391 | D:2      | HP: 1/13 [worm (8)]
   398 | D:2      | Reached skill level 1 in Short Blades
   398 | D:2      | Gained mutation: Spells you cast may paralyse adjacent
                  | enemies. [demonic ancestry]
   398 | D:2      | Reached XP level 2. HP: 2/19 MP: 3/3
   988 | D:2      | Noticed Jessica
  1015 | D:1      | Killed Jessica
  1016 | D:1      | Reached skill level 2 in Short Blades
  1016 | D:1      | Reached XP level 3. HP: 11/24 MP: 4/4
  1377 | D:2      | Noticed Sigmund
  1763 | D:3      | Noticed a scorpion
  1778 | D:3      | Killed a scorpion
  1779 | D:3      | Reached skill level 3 in Short Blades
  1779 | D:3      | Reached XP level 4. HP: 22/30 MP: 5/5
  1885 | D:3      | Reached skill level 4 in Short Blades
  2278 | D:2      | Killed Terence
  2279 | D:2      | Reached XP level 5. HP: 35/35 MP: 6/6
  2309 | D:2      | Killed Sigmund
  2310 | D:2      | Reached skill level 3 in Long Blades
  2310 | D:2      | Reached XP level 6. HP: 31/41 MP: 7/7
  2492 | D:2      | Found a runed translucent door.
  2493 | D:2      | Noticed Crazy Yiuf
  2539 | D:4      | Found a runed translucent door.
  2549 | D:4      | Noticed Jeffwins's ghost (novice HuWn)
  2665 | D:4      | Found an opulent altar of Gozag.
  2670 | D:4      | Found a radiant altar of Vehumet.
  2858 | D:4      | Reached skill level 4 in Long Blades
  3429 | D:4      | Became a worshipper of Gozag Ym Sagoz the Greedy
  3446 | D:5      | Entered Level 5 of the Dungeon
  3482 | D:5      | Reached XP level 7. HP: 22/46 MP: 8/8
  3644 | D:5      | Reached skill level 5 in Long Blades
  3933 | D:5      | Noticed Grinder
  3940 | D:5      | Killed Grinder
  3941 | D:5      | Reached skill level 6 in Long Blades
  4029 | D:5      | Gained mutation: A weak demonic guardian rushes to your
                  | aid. [demonic ancestry]
  4029 | D:5      | Reached XP level 8. HP: 52/52 MP: 9/9
  4074 | D:5      | Reached skill level 7 in Long Blades
  4283 | D:5      | Found an ornate altar of the Wu Jian Council.
  4585 | D:6      | Reached skill level 8 in Long Blades
  4715 | D:6      | HP: 4/43 [wight/+0 halberd (1)]
  4716 | D:6      | HP: 1/43 [wight/+0 falchion (3)]
  4728 | D:6      | Slain by a wight

Vanquished Creatures
  Grinder (D:5)
  Sigmund (D:2)
  A water moccasin (D:5)
  3 ogres
  2 phantoms
  A scorpion (D:3)
  3 hounds
  A jelly (D:5)
  3 iguanas
  3 sleepcaps (D:5)
  Jessica (D:1)
  Terence (D:2)
  8 gnolls (D:4)
  4 adders
  2 white imps
  3 worms
  A dart slug (D:3)
  13 orcs
  7 endoplasms
  2 giant cockroaches
  6 goblins
  7 hobgoblins
  4 quokkas
  7 ball pythons
  2 bats
  A frilled lizard (D:1)
  8 kobolds
  3 rats
99 creatures vanquished.

Vanquished Creatures (collateral kills)
  A wight (D:6)
1 creature vanquished.

Grand Total: 100 creatures vanquished

Table legend: (Time is in decaauts)
 A = Elapsed time spent in this place.
 B = Non-inter-level travel time spent in this place.
 C = Inter-level travel time spent in this place.
 D = Time resting spent in this place.
 E = Time spent auto-exploring this place.
 F = Levels seen in this place.
 G = Mean time per level.
                   A        B        C        D        E       F      G
               +--------+--------+--------+--------+--------+-----+--------+
         Total |   4715 |   4436 |    279 |    459 |   2962 |   6 |  785.8 |
       Dungeon |   4715 |   4436 |    279 |    459 |   2962 |   6 |  785.8 |
               +--------+--------+--------+--------+--------+-----+--------+

Top non-repeatable levels by time:
     D:5: 1111 daAuts
     D:4: 915 daAuts
     D:1: 913 daAuts
     D:3: 877 daAuts
     D:2: 730 daAuts
     D:6: 167 daAuts

Table legend:
 A = Non-vault XP
 B = Vault XP
 C = Vault XP percentage of total XP
 D = Non-vault monster count
 E = Vault monster count
 F = Vault count percentage of total count
                 A         B        C        D         E       F
            +---------+---------+-------+---------+---------+-------
      Total |    1564 |     570 |  26.7 |      90 |      10 |  10.0
            +---------+---------+-------+---------+---------+-------
        D:1 |      18 |      37 |  67.3 |      10 |       1 |   9.1
        D:2 |      35 |     271 |  88.6 |      11 |       8 |  42.1
        D:3 |     117 |       0 |   0.0 |      15 |       0 |   0.0
        D:4 |     249 |       0 |   0.0 |      31 |       0 |   0.0
        D:5 |     834 |     262 |  23.9 |      18 |       1 |   5.3
        D:6 |     311 |       0 |   0.0 |       5 |       0 |   0.0
            +---------+---------+-------+---------+---------+-------
